 Dungeon Crawl Stone Soup version 0.19.1 (webtiles) character file.

498 dondy the Agent of Entropy (level 6, 0/47 HPs)
             Began as a Demonspawn Abyssal Knight on Dec 22, 2016.
             Was a Priest of Lugonu.
             Slain by a leopard gecko (3 damage)
             ... on level 5 of the Dungeon.
             The game lasted 00:15:41 (5269 turns).

dondy the Agent of Entropy (DsAK)                   Turns: 5269, Time: 00:15:43

Health: 0/47       AC:  8    Str: 15    XL:     6   Next: 94%
Magic:  10/10      EV: 11    Int: 13    God:    Lugonu [***...]
Gold:   201        SH:  0    Dex: 12    Spells: 0 memorised, 5 levels left

rFire  . . .     SeeInvis .     B - -1 great sword (curse)
rCold  . . .     Gourm    .     g - +0 ring mail
rNeg   . . .     Faith    .     (shield currently unavailable)
rPois  .         Spirit   .     v - +0 helmet
rElec  .         Reflect  .     (no cloak)
rCorr  .         Harm     +     (no gloves)
MR     .....                    (no boots)
Stlth  +.........               x - amulet of harm
                                (no ring)
                                (no ring)

@: no status effects
A: talons 1, molten scales 1
a: Depart the Abyss, Bend Space, Banish, Renounce Religion


You were on level 5 of the Dungeon.
You worshipped Lugonu.
Lugonu was most pleased with you.
You were hungry.

You visited 1 branch of the dungeon, and saw 5 of its levels.
You visited the Abyss 1 time.

You collected 201 gold pieces.

Inventory:

Hand Weapons
 a - a +1 falchion
 B - a cursed -1 great sword (weapon)
Armour
 g - a +0 ring mail (worn)
 s - a +0 buckler
 v - a +0 helmet (worn)
Jewellery
 x - an amulet of harm (around neck)
 F - a +5 ring of protection {unknown}
 G - an uncursed amulet of the gourmand {unknown}
Wands
 y - a wand of digging (18/24)
Scrolls
 c - 2 scrolls of teleportation {unknown}
 e - 2 scrolls of blinking {unknown}
 h - a scroll of amnesia {unknown}
 i - 2 scrolls of enchant armour {unknown}
 j - a scroll of immolation {unknown}
 k - 4 scrolls of identify {unknown}
 p - 4 scrolls of remove curse {unknown}
 r - a scroll of random uselessness {unknown}
 u - 2 scrolls of recharging {unknown}
 E - a scroll of fear {unknown}
Potions
 b - a potion of brilliance {unknown}
 d - a potion of mutation {unknown}
 f - 2 potions of might {unknown}
 l - a potion of degeneration {unknown}
 m - 2 potions of curing {unknown}
 n - 2 potions of cancellation {unknown}
 o - 2 potions of agility {unknown}
 q - a potion of flight {unknown}
 A - a potion of magic {unknown}
Books
 C - a book of Maledictions

   Spells                             Type                      Level
   a - Corona                         Hexes                        1
   b - Ensorcelled Hibernation        Hexes/Ice                    2
   c - Confuse                        Hexes                        3
   d - Tukima's Dance                 Hexes                        3
   e - Dazzling Spray                 Conjuration/Hexes            3
Comestibles
 t - a royal jelly
 w - 2 bread rations


   Skills:
 - Level 3.0 Fighting
 * Level 5.3 Long Blades
 - Level 2.0 Armour
 - Level 2.0 Dodging
 + Level 5.6 Invocations


You had 5 spell levels left.
You didn't know any spells.

Dungeon Overview and Level Annotations

Branches:
Dungeon (5/15)
 Temple: D:4-7

Altars:
Uskayaw

Annotations:
D:5 Blork the orc


Innate Abilities, Weirdness & Mutations

You have sharp toenails.
You are partially covered in molten scales. (AC +2)


Message History

You slash the ogre!
The ogre is almost dead.
Blork the orc grins evilly.
Blork the orc mumbles some strange words.
Blork the orc flickers and vanishes!
Deactivating autopickup; reactivate with Ctrl-A.
The leopard gecko barely misses you.
The leopard gecko bites you but does no damage.
The ogre closely misses you.
You riposte.
You completely miss the ogre. You claw the ogre, but do no damage.
The ogre is almost dead.
A scorpion comes into view.
You completely miss the ogre.
The ogre is almost dead.
The leopard gecko bites you.
The crimson imp shouts, "Slither home, thou mewling hell-hated surfacer!"
The crimson imp blinks!
The ogre hits you with a giant club!
* * * LOW HITPOINT WARNING * * *
The leopard gecko bites you.
You die...

....## .....#
.ยง#.. .# ###
#...5 ...
#.#########.?$##.#
##..
#.........#Z...s..
..#
##.........lO...#
.# ###..........@#
.###............##
.##.............#
...............##
...............#
....#.........##
######.......##
#......)..#
#.........#


You could see an ogre, a scorpion, a crimson imp, a leopard gecko and a jackal
skeleton.

Vanquished Creatures
  Eustachio (D:4)
  An orc priest (D:4)
  2 orc wizards (D:4)
  Jessica (D:3)
  An iguana (D:3)
  Ijyb (D:2)
  3 adders
  4 gnolls
  2 river rats (D:4)
  An ooze (D:2)
  6 worms
  5 dart slugs
  5 leopard geckos
  3 orcs
  10 giant cockroaches
  8 goblins
  6 hobgoblins
  2 jackals (D:3)
  A quokka (D:3)
  2 ball pythons (D:3)
  A ball python skeleton (D:4)
  5 bats
  A frilled lizard (D:2)
  8 kobolds
  5 rats
85 creatures vanquished.

Notes
Turn   | Place    | Note
-------+----------+-------------------------------------------
     0 | Abyss:1  | dondy the Demonspawn Abyssal Knight began the quest for the Orb.
     0 | Abyss:1  | Reached XP level 1. HP: 18/18 MP: 2/2
    48 | Abyss:1  | Found a corrupted altar of Lugonu.
    53 | D:1      | Escaped the Abyss
    82 | D:1      | Reached skill level 1 in Dodging
   177 | D:1      | Gained mutation: You are partially covered in molten scales. (AC +2) [demonic ancestry]
   177 | D:1      | Reached XP level 2. HP: 21/24 MP: 3/3
   329 | D:1      | Reached ** piety under Lugonu
   540 | D:1      | Reached XP level 3. HP: 29/29 MP: 5/5
   841 | D:2      | Noticed Ijyb
   905 | D:2      | Killed Ijyb
  1054 | D:2      | Reached XP level 4. HP: 35/35 MP: 6/6
  2247 | D:1      | HP: 1/35 [gnoll/halberd (9)]
  2632 | D:2      | Gained mutation: You have sharp toenails. [demonic ancestry]
  2632 | D:2      | Reached XP level 5. HP: 33/41 MP: 6/8
  3594 | D:3      | Noticed Jessica
  3602 | D:3      | Killed Jessica
  3694 | D:3      | Reached *** piety under Lugonu
  3789 | D:4      | Noticed Eustachio
  3813 | D:4      | Killed Eustachio
  3813 | D:4      | Reached skill level 5 in Invocations
  3813 | D:4      | Reached XP level 6. HP: 25/47 MP: 9/9
  4023 | D:4      | Found a hide-covered altar of Uskayaw.
  4024 | D:4      | Noticed a dagger
  4025 | D:4      | Noticed a hand axe
  4217 | D:4      | Reached skill level 5 in Long Blades
  5226 | D:5      | Entered Level 5 of the Dungeon
  5265 | D:5      | Noticed Blork the orc
  5269 | D:5      | Slain by a leopard gecko

Skill      XL: |  1  2  3  4  5  6 |
---------------+-------------------+-----
Dodging        | 1 2 |  2.0
Long Blades    | 2 3 4 5 |  5.3
Armour         | 2 |  2.0
Invocations    | 3 4 5 |  5.6
Fighting       | |  3.0

Action                   |  1- 3 |  4- 6 || total
-------------------------+-------+-------++-------
Melee: Falchion          |   113 |   210 ||   323
       Kick              |       |    31 ||    31
       Great sword       |       |    51 ||    51
Throw: Stone             |     8 |       ||     8
Invok: Bend Space        |       |     1 ||     1
  Eat: Chunk             |     1 |     6 ||     7
       Bread ration      |       |     1 ||     1
       Fruit             |       |     3 ||     3
Armor: Leather armour    |     4 |       ||     4
       Ring mail         |    47 |    97 ||   144
Dodge: Dodged            |    63 |   154 ||   217
Block: Buckler           |       |    26 ||    26
       Rpst.: Falchion   |    14 |    30 ||    44
       Great sword       |       |    19 ||    19
